 Dungeon Crawl Stone Soup version 0.29-a0-732-g3d7fbe0af2 (webtiles) character file.

Game seed: 5344310065027192324

35 purpskrrrp the Shooter (level 3, 0/21 HPs)
             Began as a Kobold Hunter on June 30, 2022.
             Slain by a gnoll
             ... wielding a +0 club
              (6 damage)
             ... on level 2 of the Dungeon.
             The game lasted 00:03:39 (697 turns).

purpskrrrp the Shooter (Kobold Hunter)               Turns: 697, Time: 00:03:40

Health: 0/21       AC:  5    Str:  8    XL:     3   Next: 55%
Magic:  3/3        EV: 14    Int: 10    God:
Gold:   63         SH:  0    Dex: 20    Spells: 2/2 levels left

rFire   + . .      SeeInvis .   a - +0 shortbow
rCold   x . .      Faith    .   (shield currently unavailable)
rNeg    . . .      Spirit   .   c - +0 leather armour
rPois   .          Reflect  .   e - +0 helmet
rElec   .          Harm     .   (no cloak)
rCorr   .          Rampage  .   k - +0 pair of gloves
Will    .....                   (no boots)
Stlth   +++.......              (no amulet)
HPRegen 0.07/turn               i - ring of fire
MPRegen 0.08/turn               (no ring)

@: no status effects
A: small, no large weapons, nightstalker 3
a: no special abilities


You were on level 2 of the Dungeon.
You visited 1 branch of the dungeon, and saw 2 of its levels.

You collected 63 gold pieces.

Inventory:

Hand Weapons
 a - a +0 shortbow (weapon)
Armour
 c - a +0 leather armour (worn)
 e - a +0 helmet (worn)
 k - a +0 pair of gloves (worn)
Jewellery
 i - a ring of fire (left hand)
Scrolls
 b - a scroll of immolation
Potions
 d - a potion of heal wounds {unknown}
 f - a potion of lignification
 h - a potion of magic {unknown}
 j - a potion of flight {unknown}


   Skills:
 + Level 2.2 Fighting
 * Level 6.6 Ranged Weapons
 - Level 2.5 Dodging
 - Level 1.4 Stealth


You had 2 spell levels left.
You didn't know any spells.
Your spell library contained the following spells:

 Spells                   Type           Power      Damage    Failure   Level
 Stone Arrow              Conj/Erth      0%         3d7       86%         3
 Animate Armour           Summ/Erth      0%         N/A       99%         4
 Lehudib's Crystal Spear  Conj/Erth      0%         10d2      100%        8


Dungeon Overview and Level Annotations

Branches:
Dungeon (2/15)

Altars:


Innate Abilities, Weirdness & Mutations

You are small and have problems with some larger weapons.
You are completely attuned to the shadows.


Message History

A quokka comes into view.
A quokka is nearby!
A quokka is nearby!
You shoot an arrow. The arrow closely misses the quokka.
You shoot an arrow. The arrow hits the quokka!
You kill the quokka!
No target in view!
A quokka comes into view.
You shoot an arrow. The arrow closely misses the quokka.
You shoot an arrow. The arrow hits the quokka!
You kill the quokka!
You see here a quokka corpse.
A gnoll comes into view. It is wielding a +0 spear.
You shoot an arrow. The arrow hits the gnoll.
The gnoll shouts!
The gnoll is heavily wounded.
A gnoll comes into view. It is wielding a +0 spear.
You shoot an arrow. The arrow barely misses the gnoll.
The gnoll shouts!
The arrow hits the gnoll!
The gnoll is almost dead.
A gnoll comes into view. It is wielding a +0 club.
The gnoll misses you.
You shoot an arrow. The arrow hits the gnoll.
The gnoll is severely wounded.
The gnoll hits you from afar with a +0 spear.
A gnoll comes into view. It is wielding a +0 short sword.
You shoot an arrow. The arrow barely misses the gnoll.
The arrow hits the gnoll!
The gnoll is heavily wounded.
The gnoll hits you from afar with a +0 spear.
You shoot an arrow. The arrow hits the gnoll.
You kill the gnoll!
The gnoll barely misses you.
A worm comes into view.
The gnoll hits you from afar with a +0 spear!
* * * LOW HITPOINT WARNING * * *
The gnoll attacks as you move away! The gnoll barely misses you.
The gnoll attacks as you move away! The gnoll hits you with a +0 club.
You die...

############
#..........# ..
#..........#
.†.#####..........#
...........†.@ggg.#
..(...............)#
#.#..................
...........#.########w.
................. .. .
.....###.#†####
###..#.# #.#...
..<..#.# #.#....
.....#.# #.#....


You could see 3 gnolls.

Vanquished Creatures
  A gnoll (D:2)
  An endoplasm (D:1)
  4 goblins (D:1)
  2 hobgoblins (D:1)
  4 kobolds (D:1)
  3 quokkas (D:2)
  6 ball pythons
  A bat (D:1)
  4 rats
26 creatures vanquished.

Notes
Turn   | Place    | Note
-------+----------+-------------------------------------------
     0 | D:1      | purpskrrrp the Kobold Hunter began the quest for the Orb.
     0 | D:1      | Reached XP level 1. HP: 12/12 MP: 1/1
   144 | D:1      | Reached XP level 2. HP: 17/17 MP: 2/2
   302 | D:1      | Reached skill level 6 in Ranged Weapons
   624 | D:2      | Reached XP level 3. HP: 21/21 MP: 3/3
   697 | D:2      | Slain by a gnoll

Illustrated notes

Levels and vault maps discovered:
D:1:      dpeg_arrival_refuge, layout_rooms
D:2:      layout_basic, serial_shops, nicolae_shop_crystal

Skill      XL: |  1  2 |
---------------+-------+-----
Ranged Weapons | 6 |  6.6
Fighting       | |  2.2
Dodging        | |  2.5
Stealth        | |  1.4

Action                   || total
-------------------------++-------
 Fire: Shortbow          ||    54
  Use: Scroll            ||     3
Dodge: Dodged            ||    17

Table legend: (Time is in decaauts)
 A = Elapsed time spent in this place.
 B = Non-inter-level travel time spent in this place.
 C = Inter-level travel time spent in this place.
 D = Time resting spent in this place.
 E = Time spent auto-exploring this place.
 F = Levels seen in this place.
 G = Mean time per level.
                   A        B        C        D        E       F      G
               +--------+--------+--------+--------+--------+-----+--------+
         Total |    710 |    694 |     16 |     62 |    472 |   2 |  355.0 |
       Dungeon |    710 |    694 |     16 |     62 |    472 |   2 |  355.0 |
               +--------+--------+--------+--------+--------+-----+--------+

Top non-repeatable levels by time:
     D:1: 598 daAuts
     D:2: 111 daAuts
